 Dungeon Crawl Stone Soup version 0.27-a0-223-ge082b6e869 (webtiles) character file.

Game seed: 11151581094156912172

23671 HendSelp the Cleaver (level 12, -3/105 HPs)
             Began as a Demonspawn Fighter on Feb 1, 2021.
             Was a Priest of Ashenzari.
             Slain by a wraith (9 damage)
             ... on level 13 of the Dungeon.
             The game lasted 00:35:05 (16755 turns).

HendSelp the Cleaver (Demonspawn Fighter)          Turns: 16755, Time: 00:35:06

Health: -3/105     AC: 22    Str: 20    XL:     12   Next: 73%
Magic:  12/12      EV: 10    Int: 10    God:    Ashenzari [***...]
Gold:   834        SH:  5    Dex: 14    Spells: 11/11 levels left

rFire    . . .     SeeInvis +   t - +2 battleaxe (curse)
rCold    . . .     Faith    .   (shield currently unavailable)
rNeg     . . .     Spirit   .   n - +0 plate armour (curse)
rPois    +         Reflect  +   y - +1 hat
rElec    .         Harm     .   i - +0 cloak
rCorr    .         Rampage  .   (no gloves)
Will     .....     Clarity  +   (no boots)
Stlth    ..........             B - amulet of reflection
HPRegen  0.27/turn              p - ring of poison resistance
MPRegen  0.13/turn              v - +4 ring of protection

@: about to teleport, slowed, very slow
A: antennae 2, fangs 1, clarity, demonic guardian 1, robust 1, sharp scales 2,
demonic magic 1
a: Renounce Religion, Curse Item, Scrying


You were on level 13 of the Dungeon.
You worshipped Ashenzari.
Ashenzari was most pleased with you.
You visited 2 branches of the dungeon, and saw 14 of its levels.
You also visited: Ossuary.

You collected 834 gold pieces.

Inventory:

Hand Weapons
 t - a cursed +2 battleaxe (weapon)
Armour
 i - a +0 cloak (worn)
 n - a cursed +0 plate armour (worn)
 y - a +1 hat (worn)
Jewellery
 b - an uncursed ring of flight
 f - an uncursed ring of resist corrosion
 g - an uncursed amulet of regeneration
 o - an uncursed ring of positive energy
 p - a ring of poison resistance (left hand)
 v - a +4 ring of protection (right hand)
 A - an uncursed ring of fire
 B - an amulet of reflection (around neck)
Wands
 a - a wand of digging (6)
 C - a wand of iceblast (6)
 D - a wand of random effects (23)
Scrolls
 m - a scroll of fog
 r - 5 scrolls of noise
 x - 2 scrolls of amnesia
 G - a scroll of magic mapping
 H - a scroll of remove curse
Potions
 d - 2 potions of attraction
 k - 3 potions of flight
 q - 4 potions of brilliance
 s - a potion of cancellation
 u - 6 potions of lignification
 z - a potion of mutation
Miscellaneous
 j - a tin of tremorstones (1/2)
 w - a lightning rod (4/4)


   Skills:
 + Level 9.4 Fighting
 + Level 13.0(16.4) Axes
 + Level 8.4 Armour
 * Level 8.9 Dodging
 + Level 2.1 Stealth
 + Level 4.2 Shields
 + Level 0.1 Unarmed Combat
 + Level 0.2 Evocations


You had 11 spell levels left.
You didn't know any spells.
Your spell library contained the following spells:

 Spells                   Type           Power        Failure   Level
 Summon Small Mammal      Summ           0%           100%        1
 Call Imp                 Summ           0%           100%        2
 Call Canine Familiar     Summ           0%           100%        3
 Summon Guardian Golem    Hex/Summ       0%           100%        3
 Summon Ice Beast         Ice/Summ       0%           100%        4
 Summon Lightning Spire   Summ/Air       0%           100%        4


Dungeon Overview and Level Annotations

Branches:
Dungeon (13/15)            Temple (1/1) D:6            Lair (0/6) D:10
    Orc (0/2) D:10        Ossuary (visited)
 Vaults: D:13-14

Altars:
Ashenzari
Cheibriados
Dithmenos
Elyvilon
Fedhas
Gozag
Hepliaklqana
Kikubaaqudgha
Makhleb
Nemelex Xobeh
Okawaru
Qazlal
Ru
Sif Muna
Trog
Uskayaw
Vehumet
Wu Jian
Xom
Yredelemnul
Zin
The Shining One
Beogh

Shops:
D:8 !   D:9 }   D:11 ?

Annotations:
D:9 2 runed translucent doors, exclusion: obsidian statue
D:13 ArcanElement's ghost, novice HuFi


Innate Abilities, Weirdness & Mutations

You have a pair of antennae on your head.
A weak demonic guardian rushes to your aid.
You are mostly covered in razor-sharp scales. (AC +2, Slay +2)
Spells you cast may paralyse adjacent enemies.
You have very sharp teeth.
You possess an exceptional clarity of mind.
You are robust. (+10% HP)


Message History

Your ufetubus dies!
You hit the wraith but do no damage.
The wraith is severely damaged.
You slice the shadow!! The wraith hits you but does no damage.
The shadow hits you.
* * * LOW HITPOINT WARNING * * *
The wraith hits you but does no damage.
Unknown command.
As you read the scroll of teleportation, it crumbles to dust.
You feel strangely unstable. The shadow barely misses you.
ArcanElement's ghost hits you!
* * * LOW HITPOINT WARNING * * *
The wraith hits you but does no damage. The shadow hits you.
Unknown command.
You closely miss the shadow. You bite the shadow.
The shadow is almost destroyed.
You slash ArcanElement's ghost! You hit the wraith but do no damage.
ArcanElement's ghost hits you but does no damage.
The wraith hits you!
You die...

#.....................# #....
#.....................# #....
#.....................#######....
#................................
#................................
##########....######....#####....
#....# #....# #....
#....######....# #....
##########......@.......#####....
#..............WWW...............
#...........###'''###............
#...........#.......#............
#...........##.....##.######..###
#<..........#.......#.# #..#
#...........##.)?$.##.######.>#
#...........#.?8.8..#.........###
#...........#########............


You could see a wraith, a shadow and ArcanElement's ghost.

Vanquished Creatures
  3 boulder beetles
  Erica (D:8)
  A death knight (D:13)
  3 two-headed ogres
  3 unseen horrors
  An orc knight (D:10)
  A cyclops (D:13)
  2 slime creatures (D:12)
  Maggie (D:7)
  Psyche (D:7)
  2 kobold demonologists (D:12)
  A yaktaur (shapeshifter) (D:13)
  A freezing wraith (D:13)
  5 hornets
  Grinder (D:6)
  Sigmund (D:2)
  2 vampires
  3 wyverns
  A water elemental (D:12)
  4 wraiths
  23 yaks
  A soldier ant (D:11)
  3 water moccasins
  14 orc warriors
  A hornet zombie (D:13)
  3 black bears
  3 ice beasts
  3 sky beasts
  4 centaurs
  8 ogres
  8 big kobolds
  Blork the orc (D:6)
  An elf zombie (Ossuary)
  11 bullfrogs
  6 scorpions
  4 howler monkeys
  9 wights
  4 electric eels (D:12)
  2 bullfrog zombies
  A quasit (D:5)
  3 centaur zombies
  10 orc priests
  5 hounds
  2 jellies
  4 bullfrog skeletons
  2 iguanas
  15 orc wizards
  4 worker ants
  Natasha (thrice) (D:2)
  A big kobold zombie (Ossuary)
  2 hound skeletons
  4 mummies
  5 gnolls
  14 adders
  A howler monkey skeleton (D:4)
  4 shadow imps
  A white imp (D:9)
  2 ufetubi
  2 oozes (D:1)
  An adder skeleton (D:6)
  5 worms
  3 dart slugs
  5 leopard geckos
  51 orcs
  3 ball pythons
  8 bats
  5 giant cockroaches
  4 goblins
  7 hobgoblins
  9 jackals
  41 kobolds
  4 quokkas
  10 frilled lizards
  A goblin zombie (Ossuary)
  12 hobgoblin zombies
  2 jackal zombies (Ossuary)
  10 kobold zombies
  9 orc zombies
  8 rats
430 creatures vanquished.

Vanquished Creatures (collateral kills)
  A yak (D:12)
  An ogre (D:10)
  A human zombie (Ossuary)
  A gnoll (D:2)
  An orc (D:10)
  A goblin zombie (Ossuary)
  A kobold (D:12)
  A kobold zombie (Ossuary)
8 creatures vanquished.

Vanquished Creatures (others)
  A jelly (D:8)
  A kobold (D:12)
  43 plants
45 creatures vanquished.

Grand Total: 483 creatures vanquished

Notes
Turn   | Place    | Note
-------+----------+-------------------------------------------
     0 | D:1      | HendSelp the Demonspawn Fighter began the quest for the
                  | Orb.
     0 | D:1      | Reached XP level 1. HP: 18/18 MP: 1/1
    87 | D:1      | Reached skill level 2 in Axes
   148 | D:1      | Gained mutation: You are partially covered in razor-sharp
                  | scales. (AC +1, Slay +1) [demonic ancestry]
   148 | D:1      | Reached XP level 2. HP: 24/24 MP: 2/2
   397 | D:1      | Gained mutation: You have a pair of small antennae on your
                  | head. [demonic ancestry]
   397 | D:1      | Reached XP level 3. HP: 28/29 MP: 3/3
   762 | D:2      | Noticed Sigmund
   762 | D:2      | Noticed Natasha
   772 | D:2      | Killed Natasha
   779 | D:2      | Killed Sigmund
   780 | D:2      | Reached skill level 4 in Axes
   780 | D:2      | Reached XP level 4. HP: 15/36 MP: 4/4
   780 | D:2      | Gained mutation: You have a pair of antennae on your head.
                  | [demonic ancestry]
   780 | D:2      | Reached XP level 5. HP: 18/41 MP: 5/5
   890 | D:2      | Noticed Natasha
   902 | D:2      | Killed Natasha
   903 | D:2      | Reached skill level 1 in Dodging
   926 | D:2      | Gained mutation: A weak demonic guardian rushes to your
                  | aid. [demonic ancestry]
   926 | D:2      | Reached XP level 6. HP: 48/48 MP: 6/6
   943 | D:2      | You fall into a shaft and drop 2 floors!
  1009 | D:3      | You fall into a shaft and drop 1 floor!
  1235 | D:3      | Found a blossoming altar of Fedhas.
  1445 | D:2      | Found a glowing golden altar of the Shining One.
  1697 | D:2      | Noticed Natasha
  1710 | D:2      | Killed Natasha
  2465 | D:4      | Noticed an ice beast
  2473 | D:4      | Killed an ice beast
  2474 | D:4      | Reached skill level 5 in Axes
  2474 | D:4      | Reached XP level 7. HP: 47/54 MP: 7/7
  2738 | D:5      | Entered Level 5 of the Dungeon
  2867 | D:5      | Found a basalt altar of Yredelemnul.
  3104 | D:5      | Found an iron altar of Okawaru.
  3149 | D:5      | Reached skill level 6 in Axes
  3200 | D:5      | Found a bloodstained altar of Trog.
  3292 | D:5      | Found a sand-covered staircase.
  3305 | Ossuary  | Entered an ossuary
  3475 | Ossuary  | Gained mutation: Spells you cast may paralyse adjacent
                  | enemies. [demonic ancestry]
  3475 | Ossuary  | Reached XP level 8. HP: 61/61 MP: 8/8
  4612 | D:6      | Found a staircase to the Ecumenical Temple.
  4709 | D:6      | Found a glowing golden altar of the Shining One.
  4822 | D:6      | Noticed Grinder
  4836 | D:6      | Killed Grinder
  4837 | D:6      | Reached skill level 5 in Fighting
  4837 | D:6      | Reached skill level 7 in Axes
  5107 | D:6      | Noticed Blork the orc
  5126 | D:6      | Killed Blork the orc
  5127 | D:6      | Reached skill level 5 in Armour
  5712 | Temple   | Entered the Ecumenical Temple
  5837 | Temple   | Became a worshipper of Ashenzari the Shackled
  6054 | D:7      | Gained mutation: You are mostly covered in razor-sharp
                  | scales. (AC +2, Slay +2) [demonic ancestry]
  6054 | D:7      | Reached XP level 9. HP: 33/68 MP: 9/9
  6062 | D:7      | Found a stormy altar of Qazlal.
  6113 | D:7      | Noticed Maggie
  6125 | D:7      | Killed Maggie
  6126 | D:7      | Reached skill level 8 in Axes
  6263 | D:7      | Found a glowing silver altar of Zin.
  6430 | D:7      | Gained mutation: You have large cloven feet. [potion of
                  | mutation]
  6430 | D:7      | Gained mutation: You do not regenerate when monsters are
                  | visible. [potion of mutation]
  6430 | D:7      | Gained mutation: You have very sharp teeth. [potion of
                  | mutation]
  6430 | D:7      | Gained mutation: You are strong-willed. (Will+) [potion of
                  | mutation]
  6431 | D:7      | Lost mutation: You have large cloven feet. [potion of
                  | mutation]
  6431 | D:7      | Lost mutation: You are strong-willed. (Will+) [potion of
                  | mutation]
  6431 | D:7      | Lost mutation: You do not regenerate when monsters are
                  | visible. [potion of mutation]
  6431 | D:7      | Gained mutation: You are robust. (+10% HP) [potion of
                  | mutation]
  6431 | D:7      | Gained mutation: You possess an exceptional clarity of
                  | mind. [potion of mutation]
  6456 | D:8      | Noticed Psyche
  6498 | D:7      | Killed Psyche
  6740 | D:8      | Reached skill level 5 in Dodging
  6768 | D:8      | Reached skill level 9 in Axes
  6773 | D:8      | Found Asheijy's Distillery.
  7052 | D:8      | Noticed Erica
  7073 | D:8      | Killed Erica
  7074 | D:8      | Reached XP level 10. HP: 63/83 MP: 10/10
  7379 | D:9      | Reached * piety under Ashenzari
  7654 | D:9      | Reached skill level 10 in Axes
  7809 | D:9      | Noticed a two-headed ogre
  7822 | D:9      | Killed a two-headed ogre
  7958 | D:9      | Found a runed translucent door.
  8000 | D:9      | Found a runed translucent door.
  8044 | D:9      | Found a runed translucent door.
  8079 | D:9      | Found a runed translucent door.
  8123 | D:9      | Noticed an obsidian statue
  8157 | D:9      | Noticed a soul eater
  8346 | D:9      | Found Gorempuj's Gadget Emporium.
  8616 | D:10     | Entered Level 10 of the Dungeon
  8916 | D:10     | Found a basalt altar of Yredelemnul.
  9107 | D:10     | Reached XP level 11. HP: 32/92 MP: 11/11
  9891 | D:10     | Found a roughly hewn altar of Beogh.
  9891 | D:10     | Found a staircase to the Orcish Mines.
 10026 | D:10     | Found a staircase to the Lair.
 10027 | D:10     | Reached ** piety under Ashenzari
 10036 | D:10     | Reached skill level 11 in Axes
 10370 | D:10     | Noticed an orc knight
 10395 | D:10     | Killed an orc knight
 10879 | D:11     | Noticed a two-headed ogre
 10893 | D:11     | Killed a two-headed ogre
 11264 | D:11     | Noticed a two-headed ogre
 11272 | D:11     | Killed a two-headed ogre
 11289 | D:11     | Killed an unseen horror
 12211 | D:11     | Found Derothit's Magic Scroll Boutique.
 12425 | D:12     | Reached skill level 12 in Axes
 12878 | D:12     | Reached XP level 12. HP: 85/103 MP: 12/12
 12932 | D:12     | Identified the +1 dagger of Qecleb {protect, Str+7}
 13070 | D:12     | Noticed a boulder beetle
 13090 | D:11     | Killed a boulder beetle
 13414 | D:12     | Reached skill level 1 in Stealth
 14069 | D:12     | Noticed a boulder beetle
 14120 | D:12     | Killed a boulder beetle
 14583 | D:13     | Reached *** piety under Ashenzari
 15089 | D:13     | Found a runed translucent gate.
 15090 | D:13     | Found a runed translucent gate.
 15091 | D:13     | Found a runed translucent gate.
 15093 | D:13     | Identified the +6 scimitar of Hacking and Slashing {vorpal,
                  | Str+4 Int+2 SInv}
 15093 | D:13     | Noticed ArcanElement's ghost (novice HuFi)
 15233 | D:13     | Noticed a boulder beetle
 15246 | D:13     | Killed a boulder beetle
 15473 | D:13     | Noticed a death knight
 16077 | D:13     | Identified the +2 robe of Magic {*Corrode Will+ Dex+3}
 16088 | D:13     | Killed a death knight
 16089 | D:13     | Reached skill level 13 in Axes
 16754 | D:13     | HP: 5/105 [ArcanElement's ghost (9)]
 16755 | D:13     | Slain by a wraith

Illustrated notes

Levels and vault maps discovered:
D:1:      minmay_arrival_hallway, layout_basic, minmay_tromino_v4_c
D:2:      layout_rooms, overflow_temple_1_default, minmay_between, uniq_sigmund,
          uniq_crazy_yiuf_cottage, uniq_natasha
D:3:      layout_basic, fedhas_altar_fruit_tree
D:4:      layout_loops_cross, minmay_mini_ossuary
D:5:      layout_basic, okawaru_trees_1, nicolae_overflow_crystal_walls,
          lemuel_coloured_pillars_altar, gup_ossuary_entry_pyramid
D:6:      layout_layer_cave, minmay_temple_entry_offerings,
          supply_closet_lemuel, nicolae_tso_carved_into_rock,
          uniq_blork_the_orc, uniq_grinder
D:7:      layout_rooms, overflow_temple_1_default,
          nicolae_qazlal_style_of_elements, minivault_23, uniq_maggie
D:8:      layout_gridville, serial_shops, nicolae_shop_crystal, uniq_psyche,
          uniq_erica
D:9:      layout_loops_corners, serial_shops, kennysheep_little_box,
          minmay_statue_crystal_thing
D:10:     layout_long_grid, dpeg_oklobed_lair, david_orc_5,
          yredelemnul_altar_generic
D:11:     layout_loops_ring, serial_shops, shop
D:12:     layout_loops_cross, serial_bayou, serial_bayou_pond_b,
          serial_bayou_shore_a, serial_bayou_pond_a, serial_bayou_ford_a
D:13:     layout_small_grid, gammafunk_ghost_spectres
Temple:   regret_index_temple_waves

Skill      XL: |  1  2  3  4  5  6  7  8  9 10 11 12 |
---------------+-------------------------------------+-----
Axes           | 2 4 5 6 7 9 10 12 13 | 13.0
Shields        | 3 4 |  4.2
Armour         | 3 4 5 6 7 8 |  8.4
Dodging        | 1 3 4 5 6 7 8 |  8.9
Fighting       | 4 5 6 7 8 9 |  9.4
Stealth        | 2 |  2.1
Unarmed Combat | |  0.1
Evocations     | |  0.2

Action                   |  1- 3 |  4- 6 |  7- 9 | 10-12 || total
-------------------------+-------+-------+-------+-------++-------
Melee: War axe           |    96 |   164 |   472 |   214 ||   946
       Unarmed           |       |       |    11 |       ||    11
       Bite              |       |       |     6 |    90 ||    96
       Battleaxe         |       |       |       |   581 ||   581
Invok: Curse Item        |       |       |       |     1 ||     1
       Scrying           |       |       |       |     1 ||     1
Evoke: Wand              |       |       |       |     1 ||     1
       Lightning rod     |       |       |       |     1 ||     1
       Tin of tremorston |       |       |       |     1 ||     1
  Use: Scroll            |     4 |     9 |     9 |    14 ||    36
       Potion            |     1 |       |     9 |    14 ||    24
 Stab: Distracted        |       |       |     1 |     6 ||     7
       Invisible         |       |       |       |     3 ||     3
Armor: Scale mail        |    46 |    86 |   146 |       ||   278
       Chain mail        |       |       |    65 |       ||    65
       Plate armour      |       |       |    18 |   476 ||   494
       Skin              |       |       |     3 |       ||     3
Dodge: Dodged            |    28 |    56 |   158 |   281 ||   523
Block: Kite shield       |    55 |    98 |   241 |   146 ||   540
       Other             |       |       |       |   122 ||   122
       Reflection        |       |       |       |     7 ||     7

Table legend: (Time is in decaauts)
 A = Elapsed time spent in this place.
 B = Non-inter-level travel time spent in this place.
 C = Inter-level travel time spent in this place.
 D = Time resting spent in this place.
 E = Time spent auto-exploring this place.
 F = Levels seen in this place.
 G = Mean time per level.
                   A        B        C        D        E       F      G
               +--------+--------+--------+--------+--------+-----+--------+
         Total |  17201 |  16167 |   1034 |   3480 |   8479 |  15 | 1146.7 |
       Dungeon |  16669 |  15668 |   1001 |   3444 |   8371 |  13 | 1282.2 |
        Temple |    156 |    124 |     32 |      0 |     74 |   1 |  156.0 |
       Ossuary |    375 |    375 |      0 |     36 |     33 |   1 |  375.0 |
               +--------+--------+--------+--------+--------+-----+--------+

Top non-repeatable levels by time:
    D:11: 2369 daAuts
    D:12: 2132 daAuts
    D:10: 2098 daAuts
     D:6: 1536 daAuts
    D:13: 1401 daAuts
     D:9: 1327 daAuts
     D:5: 1295 daAuts
     D:8: 914 daAuts
     D:1: 878 daAuts
     D:3: 699 daAuts
     D:2: 694 daAuts
     D:7: 689 daAuts
     D:4: 630 daAuts
 Ossuary: 375 daAuts
  Temple: 156 daAuts
